 Dungeon Crawl Stone Soup version 0.25.1-8-g42b30a86e7 (webtiles) character file.

Game seed: 8976862381990285624

1329 Descartes the Covert (level 8, -11/38 HPs)
             Began as a Felid Monk on Dec 25, 2020.
             Killed by divine providence
             ... invoked by an orc priest
              (15 damage)
             ... on level 6 of the Dungeon.
             The game lasted 00:16:13 (9146 turns).

Descartes the Covert (Felid Monk)                   Turns: 9146, Time: 00:16:14

Health: -11/38     AC:  6    Str:  8 (9)  XL:     8   Next: 34%
Magic:  12/12      EV: 24    Int: 13 (14) God:
Gold:   233        SH:  0    Dex: 18      Spells: 7/7 levels left
                                        Lives:  0   Deaths: 2

rFire    . . .     SeeInvis +     - Unarmed
rCold    . . .     Gourm    .   (shield unavailable)
rNeg     . . .     Faith    .   (armour unavailable)
rPois    .         Spirit   .   (helmet unavailable)
rElec    .         Reflect  .   (cloak unavailable)
rCorr    .         Harm     .   (gloves unavailable)
MR       +....                  (boots unavailable)
Stlth    ++++......             (no amulet)
HPRegen  0.12/turn              (no ring)
MPRegen  0.13/turn              (no ring)

@: quick
A: very small, no armour, no weapons or thrown items, stealth, claws 1, fangs 3,
horns 1, iridescent scales 2, see invisible, blink, carnivore, clever 1,
deterioration 1, speed 1, shaggy fur 2, slow metabolism 1, sharp paws
a: Blink


You were on level 6 of the Dungeon.
You were completely stuffed.

You visited 1 branch of the dungeon, and saw 6 of its levels.
You also visited: Sewer and Ossuary.

You collected 233 gold pieces.

Inventory:

Missiles
 g - 127 stones
 m - 68 arrows
Wands
 k - a wand of disintegration (17)
Scrolls
 b - 5 scrolls of teleportation
 e - 6 scrolls of remove curse
 f - 2 scrolls of magic mapping
 j - 2 scrolls of noise
 n - 2 scrolls of blinking
 q - 2 scrolls of fog {unknown}
 r - 2 scrolls of amnesia
 s - a scroll of acquirement {unknown}
 x - a scroll of random uselessness {unknown}
 y - a scroll of immolation {unknown}
Potions
 c - a potion of cancellation
 d - a potion of berserk rage {unknown}
 h - 3 potions of degeneration
 i - a potion of flight
 l - 3 potions of curing
 o - a potion of brilliance
 t - a potion of invisibility {unknown}
 u - 2 potions of lignification
 w - a potion of magic
Comestibles
 a - 9 rations
 p - 5 chunks of flesh


   Skills:
 + Level 6.2 Fighting
 + Level 8.1 Dodging
 + Level 8.1 Stealth
 + Level 6.2 Unarmed Combat
 + Level 4.6 Evocations


You had 7 spell levels left.
You didn't know any spells.
Your spell library contained the following spells:

 Spells                   Type           Power        Failure   Level  Hunger
 Animate Skeleton         Necr           N/A          30%         1    ##.....
 Apportation              Tloc           #.....       30%         1    ##.....
 Corona                   Hex            #......      30%         1    ##.....
 Summon Small Mammal      Summ           #...         30%         1    ##.....


Dungeon Overview and Level Annotations

Branches:
Dungeon (6/15)              Sewer (visited)         Ossuary (visited)
 Temple: D:4-7

Altars:
Okawaru
Ru
Sif Muna
Trog
Vehumet

Shops:
D:5 (


Innate Abilities, Weirdness & Mutations

You cannot wear armour.
You are incapable of wielding weapons or throwing items.
Your paws allow you to move quietly. (Stealth)
You have sharp claws.
You have razor-sharp teeth.
You have supernaturally acute eyesight. (SInv)
You are carnivorous and can eat meat at any time.
You cover ground quickly.
You are covered in thick fur. (AC +2)
You have a slow metabolism.
Your sharp claws are effective at attacking unaware monsters.
You have a pair of small horns on your head.
You are mostly covered in iridescent scales. (AC +4)
You can translocate small distances at will.
Your mind is acute. (Int +2)
Your body sometimes deteriorates upon taking damage.


Message History

The orc priest begins to cast a cantrip, but forgets the words!
Found a stone staircase leading down.
You claw the jackal!
You kill the jackal!
You closely miss the orc warrior.
You bite the orc warrior, but do no damage.
The orc warrior hits you with a +0 short sword!!
Ouch! That really hurt!
You scratch the orc warrior.
You bite the orc warrior, but do no damage.
The orc warrior is lightly wounded.
The orc warrior misses you.
Found an escape hatch in the floor.
The orc priest calls down the wrath of Beogh upon you.
Beogh smites you!
* * * LOW HITPOINT WARNING * * *
There is an escape hatch in the ceiling here.
The orc priest mumbles some strange prayers to Beogh against you.
Beogh smites you!
You die...

#†# #... #.# .# #)# ##. ..
#.######.# #.#### ......
#.....#..# #.†..# ... #####.#.#
.###.# #.######...# . ##.#####
#.>..>###..# ..#...^..###.....#
##.# #................###..####
##.......####.o.@........########
#.........o.....##..#...........
#.######.###....#..#####.#####..
#........# #....#.# #<## #..
#..#.##### ####.#. #..## ##. ...
#.###### #... ##..# #. #......##
##.## ##.## #. ######..## #.#
#..###. ##..# ##.# ##.#...


You could see an orc warrior and an orc priest.

Vanquished Creatures
  The ghost of execc the Poker, a novice OpBe of Trog (D:5)
  Duvessa (D:5)
  2 centaurs
  An ogre (D:6)
  4 big kobolds (Sewer)
  2 water moccasin zombies (Ossuary)
  A scorpion (D:4)
  Dowan (D:5)
  A howler monkey (D:4)
  3 crimson imps
  3 orc priests (D:4)
  A jelly (D:5)
  A hound (D:4)
  A bullfrog skeleton (D:4)
  2 iguanas
  3 orc wizards
  2 worker ants
  3 big kobold zombies (Ossuary)
  2 mummies (Ossuary)
  5 gnolls
  A river rat (Sewer)
  6 adders
  5 adder zombies (Ossuary)
  8 worms
  3 dart slugs
  5 leopard geckos
  11 orcs (D:4)
  11 bats
  10 giant cockroaches
  A gnoll zombie (Ossuary)
  7 goblins
  4 hobgoblins
  16 jackals
  11 kobolds
  4 quokkas
  8 ball pythons
  7 frilled lizards
  A giant cockroach zombie (D:4)
  5 hobgoblin zombies (Ossuary)
  4 kobold zombies (Ossuary)
  5 orc zombies (Ossuary)
  6 rats
179 creatures vanquished.

Vanquished Creatures (others)
  A worm (D:2)
  A kobold (D:2)
  5 plants (D:6)
7 creatures vanquished.

Grand Total: 186 creatures vanquished

Notes
Turn   | Place    | Note
-------+----------+-------------------------------------------
     0 | D:1      | Descartes the Felid Monk began the quest for the Orb.
     0 | D:1      | Reached XP level 1. HP: 10/10 MP: 2/2
   295 | D:1      | Reached XP level 2. HP: 14/14 MP: 3/3
   768 | D:2      | Reached XP level 3. HP: 17/17 MP: 4/4
   847 | D:2      | Found a radiant altar of Vehumet.
  1327 | D:2      | Reached XP level 4. HP: 21/21 MP: 5/5
  1818 | D:3      | Reached skill level 5 in Dodging
  1845 | D:3      | Found a sacrificial altar of Ru.
  1863 | D:3      | Reached XP level 5. HP: 14/25 MP: 6/6
  2111 | D:3      | Found a shimmering blue altar of Sif Muna.
  2130 | D:3      | Noticed a centaur
  2138 | D:3      | Killed a centaur
  2138 | D:3      | Reached skill level 5 in Stealth
  2931 | D:3      | Gained mutation: You are covered in thick fur. (AC +2)
                  | [Felid growth]
  2931 | D:3      | Reached XP level 6. HP: 19/28 MP: 7/7
  3606 | D:4      | HP: 1/29 [iguana (3)]
  3774 | D:4      | Found a glowing drain.
  3804 | Sewer    | Entered a sewer
  3990 | Sewer    | Reached skill level 1 in Evocations
  4513 | Sewer    | Reached XP level 7. HP: 12/33 MP: 9/9
  5347 | D:4      | Reached skill level 5 in Fighting
  5360 | D:4      | Reached skill level 5 in Unarmed Combat
  5771 | D:4      | Killed from afar by an orc wizard
  5772 | D:4      | Reached XP level 6. HP: -3/30 MP: 8/8
  6421 | D:4      | Slain by an orc priest
  6422 | D:4      | Reached XP level 5. HP: -4/26 MP: 8/8
  6478 | D:4      | Reached XP level 6. HP: 5/30 MP: 9/9
  6892 | D:5      | Entered Level 5 of the Dungeon
  6965 | D:5      | Found a sand-covered staircase.
  6976 | Ossuary  | Entered an ossuary
  7261 | Ossuary  | Reached XP level 7. HP: 33/33 MP: 10/10
  7770 | D:5      | Found a runed translucent door.
  7794 | D:5      | Noticed execc's ghost (novice OpBe)
  7996 | D:5      | Noticed Dowan
  7997 | D:5      | Noticed Duvessa
  8154 | D:4      | Gained mutation: You are occasionally teleported next to
                  | monsters. [potion of mutation]
  8154 | D:4      | Gained mutation: You are partially covered in iridescent
                  | scales. (AC +2) [potion of mutation]
  8155 | D:4      | Gained mutation: You are mostly covered in iridescent
                  | scales. (AC +4) [potion of mutation]
  8155 | D:4      | Gained mutation: Your body sometimes deteriorates upon
                  | taking damage. [potion of mutation]
  8155 | D:4      | Gained mutation: You can translocate small distances at
                  | will. [potion of mutation]
  8156 | D:4      | Lost mutation: You are occasionally teleported next to
                  | monsters. [potion of mutation]
  8156 | D:4      | Lost mutation: Your body sometimes deteriorates upon taking
                  | damage. [potion of mutation]
  8156 | D:4      | Gained mutation: Your body sometimes deteriorates upon
                  | taking damage. [potion of mutation]
  8156 | D:4      | Gained mutation: You have a pair of small horns on your
                  | head. [potion of mutation]
  8156 | D:4      | Gained mutation: Your mind is acute. (Int +2) [potion of
                  | mutation]
  8315 | D:5      | Killed Dowan
  8402 | D:5      | Found Mourch's Weapon Shop.
  8470 | D:5      | Killed Duvessa
  8572 | D:5      | Found a bloodstained altar of Trog.
  8573 | D:5      | Found an iron altar of Okawaru.
  8643 | D:5      | Killed execc's ghost
  8643 | D:5      | Reached XP level 8. HP: 28/38 MP: 12/12
  9146 | D:6      | Killed from afar by an orc priest

Illustrated notes

Levels and vault maps discovered:
D:1:      nagdon_arrival_zigzag_paths, layout_rooms
D:2:      layout_rooms, fiery_altar_vehumet, amethyst_killhole,
          minmay_misc_feat_chi, minmay_misc_feat_secret_circle,
          chequers_hall_statues_y
D:3:      lemuel_upstairs_altar, layout_basic, overflow_temple_1_default,
          first_ration, nicolae_ru_great_annihilating_truth
D:4:      layout_basic, gup_sewer_entry_pipe
D:5:      layout_basic, grunt_temple_overflow_bloody_war,
          nicolae_ossuary_entry_plus, serial_shops, nicolae_shop_stone,
          ebering_ghost_reflecting_pool, uniq_duvessa
D:6:      layout_rooms, minmay_temple_entry_enclosed_plants

Skill      XL: |  1  2  3  4  5  6  7  8 |
---------------+-------------------------+-----
Stealth        | 3 4 5 7 8 |  8.1
Dodging        | 5 7 8 |  8.1
Fighting       | 4 6 |  6.2
Unarmed Combat | 4 6 |  6.2
Evocations     | 3 4 |  4.6

Action                   |  1- 3 |  4- 6 |  7- 9 || total
-------------------------+-------+-------+-------++-------
Melee: Unarmed           |    84 |   357 |   267 ||   708
       Bite              |     9 |    34 |    35 ||    78
       Punch             |       |    12 |     4 ||    16
       Headbutt          |       |       |    17 ||    17
Evoke: Wand              |       |       |     3 ||     3
  Use: Scroll            |       |     6 |    11 ||    17
       Potion            |       |     2 |     6 ||     8
 Stab: Sleeping          |    13 |    14 |     5 ||    32
       Distracted        |       |     2 |       ||     2
  Eat: Chunk             |     8 |    13 |     7 ||    28
Armor: Skin              |     5 |     4 |    16 ||    25
Dodge: Dodged            |    91 |   289 |   234 ||   614
